 Dungeon Crawl Stone Soup version 0.31-a0-233-g139696dc86 (webtiles) character file.

Game seed: 3958276460577700982

29 qw the Shooter (level 3, -1/21 HPs)
             Began as a Gargoyle Hexslinger on July 8, 2023.
             Slain by Terence
             ... wielding a +0 flail
              (4 damage)
             ... on level 2 of the Dungeon.
             The game lasted 00:00:17 (637 turns).

qw the Shooter (Gargoyle Hexslinger)                 Turns: 637, Time: 00:00:17

Health: -1/21      AC:  7    Str: 11    XL:     3   Next: 16%
Magic:  4/4        EV: 11    Int: 13    God:
Gold:   50         SH:  0    Dex: 14    Spells: 3/4 levels left

rFire   . . .        Y - +1 sling
rCold   . . .        (no shield)
rNeg    + . .        a - +0 leather armour
rPois   inf          (no helmet)
rElec   +            (no cloak)
rCorr   .            (no gloves)
SInv    .            e - +0 pair of boots
Will    .....        (no amulet)
Stlth   +            (no ring)
HPRegen 0.23/turn    (no ring)
MPRegen 0.09/turn

%: no passive effects
@: no status effects
A: sickness immunity, AC +3, negative energy resistance 1, electricity
resistance, torment resistance 1, petrification resistance
a: no special abilities


You were on level 2 of the Dungeon.
You visited 1 branch of the dungeon, and saw 2 of its levels.

You collected 50 gold pieces.


Innate Abilities, Weirdness & Mutations

You are immune to sickness and miasma.
Your stone body is resilient. (AC +3)
You are immune to poison.
You resist negative energy. (rN+)
You are resistant to electric shocks. (rElec)
You are resistant to unholy torment.
You are immune to petrification.


   Skills:
 + Level 1.7 Fighting
 - Level 3.2 Ranged Weapons
 - Level 1.5 Dodging
 - Level 1.0 Spellcasting
 - Level 2.6 Hexes


You had 3 spell levels left.
You knew the following spells:

 Your Spells              Type           Power      Damage    Failure   Level
a - Slow                  Hex            28%        N/A       12%         1

Your spell library contained the following spells:

 Spells                   Type           Power      Damage    Failure   Level
 Inner Flame              Hex/Fire       4%         N/A       54%         3
 Portal Projectile        Hex/Tloc       8%         N/A       54%         3
 Cause Fear               Hex            3%         N/A       77%         4

Inventory:

Hand Weapons
 Y - a +1 sling (weapon)
Armour
 a - a +0 leather armour (worn)
 e - a +0 pair of boots (worn)
Scrolls
 b - a scroll of identify
Potions
 d - a potion of curing
 g - a potion of mutation {unknown}
 h - a potion of magic {unknown}

Dungeon Overview and Level Annotations

Branches:
Dungeon (2/15)

Altars:

Shops:
D:1 :

Annotations:
D:2 Terence


Message History

The sling bullet hits Terence but does no damage.
You shoot a sling bullet.
The sling bullet closely misses the adder.
A worm comes into view.
The adder misses you.
You shoot a sling bullet.
The sling bullet barely misses the adder.
The adder bites you but does no damage. Terence hits you but does no damage.
You shoot a sling bullet.
The sling bullet completely misses Terence.
The adder bites you but does no damage. Terence closely misses you.
The adder bites you.
You shoot a sling bullet. The sling bullet hits Terence.
Terence is lightly wounded.
The ball python bites you. The ball python misses you.
The adder completely misses you. Terence hits you with a +0 flail.
The ball python barely misses you. The ball python grabs you.
The ball python constricts you.
You shoot a sling bullet. The sling bullet hits the ball python.
The ball python is severely wounded.
The adder bites you but does no damage. Terence hits you with a +0 flail.
The adder bites you but does no damage. The ball python closely misses you.
The ball python constricts you. The worm bites you but does no damage.
You shoot a sling bullet.
The sling bullet barely misses the ball python.
The adder barely misses you.
Terence shouts, "ATTACK!!!"
Terence closely misses you. The ball python barely misses you.
The ball python constricts you. The adder closely misses you.
Terence hits you with a +0 flail. The ball python barely misses you.
The ball python constricts you. The worm bites you but does no damage.
You shoot a sling bullet.
The sling bullet closely misses the ball python.
The adder bites you but does no damage. The ball python closely misses you.
The ball python constricts you. Terence hits you with a +0 flail!
The adder bites you but does no damage.
You shoot a sling bullet. The sling bullet hits the ball python.
You kill the ball python!
Terence hits you with a +0 flail.
You die...

.. #.......#
#. #...>...#
#.##.......#
..#......
#.!.....
..###.....#
........@.#
#...@..#
......wS..#
#...#.)....#
#.. #.####.#
. .. .# .#.
# ..# ..


You could see Terence, a worm and an adder.

Vanquished Creatures
  A gnoll (D:1)
  A bat (D:1)
  An endoplasm (D:2)
  3 giant cockroaches (D:1)
  2 hobgoblins (D:1)
  2 kobolds (D:1)
  2 quokkas (D:1)
  4 ball pythons
  2 frilled lizards (D:1)
18 creatures vanquished.

Notes
Turn   | Place    | Note
-------+----------+-------------------------------------------
     0 | D:1      | qw the Gargoyle Hexslinger began the quest for the Orb.
     0 | D:1      | Reached XP level 1. HP: 12/12 MP: 2/2
     0 | D:1      | 0 ||| qw: Version: 0.3-a-46-gb1f654a
     0 | D:1      | 0 ||| qw: Game counter: 3600
     0 | D:1      | 0 ||| qw: Melee chars always use a shield: true
     0 | D:1      | 0 ||| qw: God list: Okawaru
     0 | D:1      | 0 ||| qw: Allow faded altars: false
     0 | D:1      | 0 ||| qw: Do Orc after clearing Dungeon:15 true
     0 | D:1      | 0 ||| qw: Do second Lair branch before Depths: true
     0 | D:1      | 0 ||| qw: Lair rune preference: random
     0 | D:1      | 0 ||| qw: Goals: Normal
     0 | D:1      | 0 ||| PLANNING D:1-11
   112 | D:1      | Reached XP level 2. HP: 16/16 MP: 3/3
   219 | D:1      | Reached skill level 3 in Ranged Weapons
   331 | D:1      | Noticed a walking crystal tome
   332 | D:1      | Found Xumez's Book Shop.
   334 | D:1      | Noticed a walking earthen tome
   338 | D:1      | 338 ||| UPGRADING to +0 pair of boots.
   343 | D:1      | 343 ||| READING scroll labelled FEASIO WE RUOGG.
   344 | D:1      | 344 ||| DRINKING 2 golden potions.
   345 | D:1      | 345 ||| DROPPING scroll of poison.
   412 | D:1      | Reached XP level 3. HP: 20/20 MP: 4/4
   611 | D:1      | 611 ||| UPGRADING to +0 leather armour.
   621 | D:1      | 621 ||| DROPPING +0 robe.
   628 | D:2      | Noticed Terence
   636 | D:2      | HP: 3/21 [Terence/+0 flail (9)]
   637 | D:2      | Slain by Terence

Levels and vault maps discovered:
D:1:      minmay_arrival_arboretum_small, layout_basic, serial_shops,
          nicolae_shop_mannequins
D:2:      layout_rooms, hellmonk_ecumenical_altar_leap_of_faith,
          minmay_tromino_mix6, uniq_terence

Skill      XL: |  1  2 |
---------------+-------+-----
Ranged Weapons | 3 |  3.2
Fighting       | |  1.7
Dodging        | |  1.5
Spellcasting   | |  1.0
Hexes          | |  2.6

Action                     || total
---------------------------++-------
   Fire: Sling             ||    67
    Use: Scroll            ||     1
         Potion            ||     1
 Armour: Robe              ||     5
         Leather armour    ||     9
  Dodge: Dodged            ||    28

Table legend:
 A = Non-vault XP
 B = Vault XP
 C = Vault XP percentage of total XP
 D = Non-vault monster count
 E = Vault monster count
 F = Vault count percentage of total count
                 A         B        C        D         E       F
            +---------+---------+-------+---------+---------+-------
      Total |      43 |       0 |   0.0 |      18 |       0 |   0.0
            +---------+---------+-------+---------+---------+-------
        D:1 |      40 |       0 |   0.0 |      16 |       0 |   0.0
        D:2 |       3 |       0 |   0.0 |       2 |       0 |   0.0
            +---------+---------+-------+---------+---------+-------
